[Event "2nd Namma Bengaluru Open-B 2025"]
[Site "Bengaluru"]
[Date "2025.04.12"]
[Round "6.1"]
[White "Nayak, Biswajit"]
[Black "Rohith P"]
[Result "1-0"]
[Annotator "RC"]
[ECO "A50"]
[WhiteElo "1979"]
[BlackElo "1808"]
[PlyCount "61"]
[EventDate "2025.04.10"]
[EventType "swiss"]
[EventCountry "IND"]
[SourceTitle "playchess.com"]
[Source "ChessBase"]
[SourceQuality "1"]
[TimeControl "3600+30"]

1. d4 Nf6 2. Nf3 b6 3. g3 Bb7 4. Bg2 g6 5. O-O Bg7 6. c4 O-O 7. Nc3 d6 8. h3 Nbd7 9. Qc2 c5 10. d5 a6 11. a4 Ne8 12. Re1 Nc7 13. e4 e5 14. Bg5 f6 15. Bd2 Rf7 16. h4 Nf8 17. Nd1 Bc8 18. h5 Bg4 19. h6 Bh8 20. Ne3 Bd7 21. Nh4 Be8 22. Bh3 Bd7 23. Bxd7 Nxd7 24. Qd1 Qf8 25. Nef5 Qb8 26. Nxd6 Rf8 27. Qg4 f5 28. Nxg6 Bf6 29. Ne7+ Kh8 30. Qg8+ Rxg8 31. Nf7# 1-0

[Event "2nd Namma Bengaluru Open-B 2025"]
[Site "Bengaluru"]
[Date "2025.04.12"]
[Round "6.2"]
[White "Afreed T Khan"]
[Black "Elesh Tripathi"]
[Result "1/2-1/2"]
[Annotator "RC"]
[ECO "D10"]
[WhiteElo "1921"]
[BlackElo "1758"]
[PlyCount "43"]
[EventDate "2025.04.10"]
[EventType "swiss"]
[EventCountry "IND"]
[SourceTitle "playchess.com"]
[Source "ChessBase"]
[SourceQuality "1"]
[TimeControl "3600+30"]

1. d4 d5 2. c4 c6 3. cxd5 cxd5 4. Bf4 Nf6 5. Nc3 g6 6. e3 Bg7 7. Bxb8 Rxb8 8. Qa4+ Bd7 9. Qxa7 b5 10. Nf3 b4 11. Nb1 Ne4 12. Nbd2 Rc8 13. Bd3 Rc7 14. Qa6 Nxd2 15. Nxd2 Qb8 16. Qa5 e6 17. Nb3 Bf8 18. Nc5 Bxc5 19. dxc5 Ra7 20. Qb6 Qxb6 21. cxb6 Rb7 22. a4 1/2-1/2

[Event "2nd Namma Bengaluru Open-B 2025"]
[Site "Bengaluru"]
[Date "2025.04.12"]
[Round "6.3"]
[White "Narahari Geethika Hasini"]
[Black "Anushka Gupta"]
[Result "1/2-1/2"]
[Annotator "NA RC"]
[ECO "E14"]
[WhiteElo "1856"]
[BlackElo "1739"]
[PlyCount "105"]
[EventDate "2025.04.10"]
[EventType "swiss"]
[EventCountry "IND"]
[SourceTitle "playchess.com"]
[Source "ChessBase"]
[SourceQuality "1"]
[TimeControl "3600+30"]

1. d4 Nf6 2. c4 e6 3. Nf3 Bb4+ 4. Nbd2 b6 5. e3 Bb7 6. Bd3 O-O 7. O-O d5 8. Ne5 c5 9. a3 Bxd2 10. Bxd2 dxc4 11. Bxc4 Nbd7 12. f4 Qe7 13. Be1 Ne4 14. Qb3 cxd4 15. exd4 Nxe5 16. dxe5 Qc5+ 17. Kh1 Rfc8 18. Bd3 Qc6 19. Bxe4 Qxe4 20. Qg3 Rc2 21. Rf2 Rd8 22. Bc3 Rd3 23. Qh4 Rxf2 24. Qxf2 h5 25. Rg1 Qf5 26. Qh4 Kh7 27. Rf1 Qg6 28. Qg5 Qxg5 29. fxg5 h4 30. Kg1 Kg6 31. Rf4 h3 32. gxh3 Rxh3 33. Rf2 Rh4 34. Rd2 Rg4+ 35. Kf1 Bd5 36. Rd4 Rxg5 37. h4 Rg3 38. Rf4 Rf3+ 39. Rxf3 Bxf3 40. Kf2 Bd1 41. Ke3 Kf5 42. Kd4 f6 43. Bb4 fxe5+ 44. Ke3 a5 45. Bf8 g6 46. b4 axb4 47. axb4 b5 48. Bd6 e4 49. Bc7 Bc2 50. Bd6 e5 51. Bc7 Ke6 52. Bd8 Kd5 53. Be7 $15 1/2-1/2

[Event "2nd Namma Bengaluru Open-B 2025"]
[Site "Bengaluru"]
[Date "2025.04.12"]
[Round "6.4"]
[White "Nijesh R"]
[Black "Justin, Joseph"]
[Result "1-0"]
[Annotator "RC"]
[ECO "B69"]
[WhiteElo "1813"]
[BlackElo "1923"]
[PlyCount "79"]
[EventDate "2025.04.10"]
[EventType "swiss"]
[EventCountry "IND"]
[SourceTitle "playchess.com"]
[Source "ChessBase"]
[SourceQuality "1"]
[TimeControl "3600+30"]

1. e4 c5 2. Nf3 d6 3. d4 cxd4 4. Nxd4 Nf6 5. Nc3 Nc6 6. Bg5 e6 7. Qd2 a6 8. O-O-O Be7 9. f4 Bd7 10. Nf3 b5 11. Bxf6 gxf6 12. f5 Ne5 13. fxe6 fxe6 14. Nxe5 fxe5 15. h4 h5 16. Ne2 Qb6 17. Ng3 O-O-O 18. Be2 Rdg8 19. Rh3 Kb7 20. Bf3 Be8 21. Kb1 Qc5 22. Qe2 Bxh4 23. Nxh5 Bg5 24. Rdh1 Bg6 25. Bg4 Re8 26. Ng7 Rxh3 27. gxh3 Rg8 28. Nxe6 Qe3 29. Nxg5 Qxg5 30. Qd3 Kc7 31. a4 Be8 32. Be6 Rg6 33. Qc3+ Kd8 34. Bf5 Rf6 35. h4 Qh5 36. Rg1 Qh6 37. Qc8+ Ke7 38. Rg8 Rf8 39. Qc7+ Kf6 40. Qxd6+ 1-0

[Event "2nd Namma Bengaluru Open-B 2025"]
[Site "Bengaluru"]
[Date "2025.04.12"]
[Round "6.5"]
[White "Aditya Dileepraj"]
[Black "Subramanian, R M"]
[Result "1-0"]
[Annotator "NA RC"]
[ECO "B07"]
[WhiteElo "1746"]
[BlackElo "1863"]
[PlyCount "83"]
[EventDate "2025.04.10"]
[EventType "swiss"]
[EventCountry "IND"]
[SourceTitle "playchess.com"]
[Source "ChessBase"]
[SourceQuality "1"]
[TimeControl "3600+30"]

1. d4 d6 2. e4 Nf6 3. Nc3 c6 4. Nf3 Bg4 5. Be2 e6 6. O-O Be7 7. Be3 O-O 8. Nd2 Bxe2 9. Qxe2 d5 {[%emt 0:00:35] B07: Pirc Defence: Miscellaneous Systems.} 10. e5 Nfd7 11. Nd1 c5 12. c3 Nc6 13. f4 Qb6 14. Nf3 Rac8 15. Nf2 cxd4 16. Nxd4 Nxd4 17. cxd4 Nb8 18. Rad1 Rc4 19. Nd3 $11 g6 20. f5 exf5 21. Nf4 Qc6 22. Rc1 Rxc1 23. Rxc1 Qd7 24. Qf3 Rd8 25. Bf2 Na6 26. h4 Nc7 27. h5 Ne6 28. Nxe6 Qxe6 29. Rc7 Rd7 30. Rc8+ Rd8 31. Rc7 Rd7 32. Rc8+ Kg7 33. h6+ Kxh6 34. Rg8 f4 35. Qxf4+ Kh5 36. Qh2+ Kg4 37. Qh3+ Kf4 38. Qf3+ Kg5 39. Be3+ Kh4 40. Rh8 h5 41. Qf4+ Qg4 42. Bf2# 1-0

[Event "2nd Namma Bengaluru Open-B 2025"]
[Site "Bengaluru"]
[Date "2025.04.12"]
[Round "6.6"]
[White "Swapnil Priyadarshi"]
[Black "Karthikeyan, J.."]
[Result "1-0"]
[Annotator "RC"]
[ECO "B90"]
[WhiteElo "1814"]
[BlackElo "1916"]
[PlyCount "107"]
[EventDate "2025.04.10"]
[EventType "swiss"]
[EventCountry "IND"]
[SourceTitle "playchess.com"]
[Source "ChessBase"]
[SourceQuality "1"]
[TimeControl "3600+30"]

1. e4 c5 2. Nf3 d6 3. d4 cxd4 4. Nxd4 Nf6 5. Nc3 a6 6. f3 e6 7. g4 b5 8. a3 Bb7 9. Be3 Be7 10. Qd2 Nc6 11. O-O-O Rc8 12. Qf2 Ne5 13. h3 Nc4 14. Bxc4 Rxc4 15. Nb3 Nd7 16. Kb1 Qc7 17. Rhe1 O-O 18. Bd4 Rc8 19. Nd2 Bh4 20. Qxh4 Rxd4 21. Nb3 Rxd1+ 22. Rxd1 Ne5 23. Qf2 Nc4 24. Rd3 Bc6 25. Nd2 Ne5 26. Re3 a5 27. f4 Nd7 28. Na2 Qb7 29. Rc3 Nf6 30. Qd4 d5 31. e5 Ne4 32. Nxe4 dxe4 33. b4 a4 34. Rc5 h6 35. Nc3 Kh8 36. Kc1 e3 37. Qxe3 Rd8 38. Qe2 Qd7 39. Qe3 Kg8 40. Kb2 Kh8 41. f5 Kh7 42. Qf4 Rb8 43. h4 Rd8 44. h5 Rg8 45. f6 g6 46. hxg6+ Rxg6 47. Ne2 Bd5 48. Qd4 Qe8 49. Rc7 Kg8 50. Qc5 Kh7 51. Re7 Qg8 52. Qc7 Rxg4 53. Rxf7+ Kh8 54. Qe7 1-0

[Event "2nd Namma Bengaluru Open-B 2025"]
[Site "Bengaluru"]
[Date "2025.04.12"]
[Round "6.7"]
[White "Arush A"]
[Black "Karyasheel P"]
[Result "0-1"]
[Annotator "NA RC"]
[ECO "B33"]
[WhiteElo "1876"]
[BlackElo "1808"]
[PlyCount "106"]
[EventDate "2025.04.10"]
[EventType "swiss"]
[EventCountry "IND"]
[SourceTitle "playchess.com"]
[Source "ChessBase"]
[SourceQuality "1"]
[TimeControl "3600+30"]

1. e4 c5 2. Nf3 Nc6 3. d4 cxd4 4. Nxd4 Nf6 5. Nc3 e5 6. Nb3 Bb4 7. Bd3 d5 8. exd5 Nxd5 9. Bd2 Nxc3 10. Bxc3 Bxc3+ 11. bxc3 Qg5 {[%emt 0:00:00] B33: Sicilian: Pelikan and Sveshnikov Variations.} 12. O-O O-O 13. Be4 Rd8 14. Qf3 Rb8 15. Bxc6 bxc6 16. Rfe1 Be6 17. Qe3 Qxe3 18. Rxe3 f6 19. Kf1 Bf5 20. Rc1 Rb6 21. Re2 Ra6 22. Ra1 Rb8 23. h4 Ra4 24. g3 Rc4 25. Re3 Bxc2 26. Nd2 Ra4 27. Ke1 Rb2 28. a3 Bf5 29. c4 Ra6 30. Rf3 Bg4 31. Rd3 Rab6 32. f3 Bf5 33. Rd6 Rc2 34. g4 Bg6 35. Rd8+ Kf7 36. Rd7+ Ke6 37. Rxa7 Rbb2 38. Rd1 Ra2 39. Ra6 Be8 40. Ra7 Bg6 41. Ra6 Be8 42. h5 f5 43. Ra7 e4 44. gxf5+ Kxf5 45. Nxe4 Kf4 46. Nd2 Bxh5 47. Rxg7 Bg6 48. Rc7 Rxa3 49. Rxc6 Re3+ 50. Kf1 Kg3 $2 ({Black should try} 50... Bd3+ $19 51. Kg1 Kg3) 51. Rc7 Bd3+ 52. Kg1 Rxd2 53. Rg7+ Bg6 ({And not} 53... Kxf3 54. Rxd2 Re1+ 55. Kh2 Bxc4 56. Rg3+ (56. Rxh7 Re2+ 57. Rxe2 Kxe2 $11) 56... Ke4 57. Rg4+ Ke3 58. Rd8 Re2+ 59. Kg3 $16) 0-1

[Event "2nd Namma Bengaluru Open-B 2025"]
[Site "Bengaluru"]
[Date "2025.04.12"]
[Round "6.8"]
[White "Alaukik Sinha"]
[Black "Gokul G"]
[Result "0-1"]
[Annotator "NA RC"]
[ECO "B31"]
[WhiteElo "1787"]
[BlackElo "1858"]
[PlyCount "174"]
[EventDate "2025.04.10"]
[EventType "swiss"]
[EventCountry "IND"]
[SourceTitle "playchess.com"]
[Source "ChessBase"]
[SourceQuality "1"]
[TimeControl "3600+30"]

1. e4 c5 2. Nf3 Nc6 3. Bb5 g6 4. O-O Bg7 5. Re1 e5 6. c3 Nge7 7. d3 O-O 8. h3 {[%emt 0:02:19] B31: Sicilian: 2...Nc6 3 Bb5 g6.} d6 9. Na3 h6 10. Bd2 f5 11. exf5 Bxf5 12. Be3 g5 13. Qb3+ Kh7 14. Bxg5 hxg5 15. Nxg5+ Kg6 16. h4 Bf6 17. Re3 Bxg5 18. Rg3 Kf6 19. hxg5+ Kg6 20. Rf1 Rh8 21. f4 Qg8 22. Nc4 Be6 23. Bxc6 bxc6 24. fxe5 Nf5 25. Rgf3 Rh4 26. exd6 Qh8 27. Qb7 Rh1+ 28. Kf2 Qh4+ 29. Ke2 Bxc4 30. Qxa8 Rxf1 31. Kxf1 Qh1+ 32. Kf2 Qh4+ 33. Ke2 Qxg5 34. Qe8+ Bf7 35. Qe4 Qxg2+ 36. Rf2 Qxe4+ 37. dxe4 Bc4+ 38. Kd1 Nxd6 39. e5 Nf5 40. b3 Be6 41. Rf4 c4 42. bxc4 Bxc4 43. a3 Kg5 44. Re4 Bd5 45. Rb4 a5 46. Rb7 Ne3+ 47. Kc1 Nc4 48. Ra7 Kf5 49. a4 Kxe5 50. Kc2 Be4+ 51. Kb3 Kd5 52. Rd7+ Kc5 53. Rg7 Bd5 54. Kc2 Nd6 55. Ra7 Kb6 56. Rd7 Nb7 57. Rg7 Nc5 58. Rg4 Bb3+ 59. Kb2 Bxa4 60. Rd4 Bb5 61. Ka3 Ba6 62. Rh4 Be2 63. Rh2 Bf3 64. Rb2+ Ka7 65. Rf2 Bd5 66. Re2 Kb6 67. Rb2+ Bb3 68. Re2 Kb5 69. Re5 Bd5 70. Rh5 Kc4 71. Rh3 Be4 72. Rg3 Bc2 73. Rg5 a4 74. Rh5 Nd3 75. Rh6 c5 76. Rh2 Kxc3 77. Ka2 c4 78. Rh3 Kb4 79. Rh2 Bb3+ 80. Ka1 a3 81. Rh8 Ne1 82. Rb8+ Kc3 83. Ra8 a2 84. Rxa2 Bxa2 85. Kxa2 Kd2 86. Kb1 c3 87. Ka1 c2 0-1

[Event "2nd Namma Bengaluru Open-B 2025"]
[Site "Bengaluru"]
[Date "2025.04.12"]
[Round "6.9"]
[White "Niranjan J Warrier"]
[Black "Vivaan Sachdev"]
[Result "1/2-1/2"]
[Annotator "NA RC"]
[ECO "D97"]
[WhiteElo "1841"]
[BlackElo "1782"]
[PlyCount "32"]
[EventDate "2025.04.10"]
[EventType "swiss"]
[EventCountry "IND"]
[SourceTitle "playchess.com"]
[Source "ChessBase"]
[SourceQuality "1"]
[TimeControl "3600+30"]

1. d4 Nf6 2. c4 g6 3. Nc3 d5 4. Nf3 Bg7 5. Qb3 dxc4 6. Qxc4 O-O 7. e4 Nc6 8. Be3 e5 9. d5 Nd4 10. Nxd4 exd4 11. Qxd4 c6 12. Qc4 b5 13. Qxc6 Bd7 14. Qd6 Re8 15. e5 b4 16. Qxb4 Rxe5 1/2-1/2

[Event "2nd Namma Bengaluru Open-B 2025"]
[Site "Bengaluru"]
[Date "2025.04.12"]
[Round "6.9"]
[White "Niranjan J Warrier"]
[Black "Vivaan Sachdev"]
[Result "*"]
[Annotator "NA"]
[ECO "D97"]
[WhiteElo "1841"]
[BlackElo "1782"]
[PlyCount "72"]
[EventDate "2025.04.10"]
[EventType "swiss"]
[EventCountry "IND"]
[SourceTitle "playchess.com"]
[Source "ChessBase"]
[SourceQuality "1"]
[TimeControl "3600+30"]

1. d4 Nf6 2. c4 g6 3. Nc3 d5 4. Nf3 Bg7 5. Qb3 dxc4 6. Qxc4 O-O 7. e4 Nc6 8. Be2 e5 9. d5 Nd4 10. Nxd4 exd4 11. Qxd4 c6 12. Qc4 b5 13. Qxc6 Bd7 14. Qd6 Re8 15. e5 b4 16. Qxb4 Rxe5 17. Be3 Nxd5 18. Nxd5 Rxd5 19. O-O Rb8 20. Qe1 Rxb2 21. Bf3 Rd3 22. Be4 Rd6 23. Rd1 Bb5 24. Rxd6 Qxd6 25. Qd1 Qe7 26. Bd3 Bxd3 27. Qxd3 Rxa2 28. Rb1 h5 29. g3 a5 30. Qd5 Qe6 31. Rb8+ Kh7 32. Qxe6 fxe6 33. Rb7 e5 34. h4 Kg8 35. Kg2 a4 36. Kf3 a3 *

[Event "2nd Namma Bengaluru Open-B 2025"]
[Site "Bengaluru"]
[Date "2025.04.12"]
[Round "6.10"]
[White "Vrishank Royadu"]
[Black "Ishan Warudkar"]
[Result "1/2-1/2"]
[Annotator "NA RC"]
[ECO "E91"]
[WhiteElo "1741"]
[BlackElo "1832"]
[PlyCount "134"]
[EventDate "2025.04.10"]
[EventType "swiss"]
[EventCountry "IND"]
[SourceTitle "playchess.com"]
[Source "ChessBase"]
[SourceQuality "1"]
[TimeControl "3600+30"]

1. d4 Nf6 2. Nf3 g6 3. c4 Bg7 4. Nc3 O-O 5. e4 d6 6. Be2 Bg4 7. O-O Nfd7 8. Be3 Bxf3 9. Bxf3 e5 10. Be2 Nc6 11. d5 Nd4 12. Qd2 f5 13. f3 Qe7 14. Rac1 c5 15. dxc6 bxc6 16. b4 Rac8 17. Rb1 Kh8 18. b5 fxe4 19. fxe4 cxb5 20. Nxb5 Nc5 21. Nxd4 exd4 22. Bxd4 Qxe4 23. Bxg7+ Kxg7 24. Qc3+ Qe5 25. Qd2 Rxf1+ 26. Rxf1 Rb8 27. Bf3 Rb2 28. Qa5 Qd4+ 29. Kh1 Nd3 30. h3 Nf2+ 31. Kh2 Qf4+ 32. Kg1 Nxh3+ 33. Kh1 Nf2+ 34. Kg1 Qd4 35. Qc7+ Kh6 36. Qe7 Nh3+ 37. Kh2 Ng5 38. Qf8+ Qg7 39. Qxd6 Qf7 40. Qe5 Qxf3 41. Qxg5+ Kxg5 42. Rxf3 Rxa2 43. Rf7 h5 44. c5 Rc2 45. Rxa7 Rxc5 46. Ra4 Kf5 47. Rh4 Re5 48. Rh3 Re4 49. Rf3+ Rf4 50. Ra3 g5 51. Kg3 Rg4+ 52. Kh3 Rb4 53. Rf3+ Rf4 54. Ra3 Kg6 55. Ra6+ Rf6 56. Ra5 h4 57. Ra3 Kh5 58. Ra5 Re6 59. Rb5 Re3+ 60. Kh2 Kg4 61. Rb4+ Kf5 62. Rb5+ Kf4 63. Rb4+ Kf5 64. Rb5+ Kf4 65. Rb4+ Kf5 66. Rb5+ Kf4 67. Rb4+ Ke5 $11 1/2-1/2